 Dungeon Crawl Stone Soup version 0.24-a0-487-g57318f2ed0 (webtiles) character file.

Game seed: 7261641493109341754

175 Mithandil the Conjurer (level 5, -2/28 HPs)
             Began as a Deep Elf Conjurer on July 10, 2019.
             Shot with an arrow by a centaur (9 damage)
             ... on level 5 of the Dungeon.
             The game lasted 00:27:55 (3264 turns).

Mithandil the Conjurer (Deep Elf Conjurer)          Turns: 3264, Time: 00:27:55

Health: -2/28      AC:  5    Str:  6    XL:     5   Next: 29%
Magic:  11/13      EV: 13    Int: 20    God:
Gold:   256        SH:  0    Dex: 15    Spells: 4/13 levels left

rFire    . . .     SeeInvis .   a - +1 dagger (venom)
rCold    . . .     Gourm    .   (no shield)
rNeg     . . .     Faith    .   q - +0 leather armour
rPois    .         Spirit   .   B - +0 helmet
rElec    .         Reflect  .   j - +0 cloak
rCorr    .         Harm     .   (no gloves)
MR       .....                  (no boots)
Stlth    ++........             (no amulet)
HPRegen  0.09/turn              p - +4 ring of slaying
MPRegen  0.13/turn              (no ring)

@: no status effects
A: no striking features
a: no special abilities


You were on level 5 of the Dungeon.
You were not hungry.

You visited 1 branch of the dungeon, and saw 5 of its levels.

You collected 256 gold pieces.

Inventory:

Hand Weapons
 a - a +1 dagger of venom (weapon)
 b - a +0 short sword
Missiles
 f - 114 stones (quivered)
 y - 25 arrows
Armour
 j - a +0 cloak (worn)
 q - a +0 leather armour (worn)
 u - a +0 ring mail
 A - a +2 large shield
 B - a +0 helmet (worn)
Jewellery
 p - a +4 ring of slaying (left hand)
Wands
 w - a wand of polymorph (7)
Scrolls
 h - a scroll of blinking {unknown}
 k - a scroll of immolation {unknown}
 l - 3 scrolls of remove curse
 m - a scroll of teleportation {unknown}
 n - 2 scrolls of fear {unknown}
 t - a scroll of magic mapping {unknown}
 v - a scroll of fog {unknown}
 z - a scroll of noise {unknown}
Potions
 e - 2 potions of brilliance {unknown}
 i - a potion of agility {unknown}
 o - 2 potions of curing {unknown}
 r - a potion of heal wounds {unknown}
 s - a potion of might {unknown}
 x - a potion of haste {unknown}
Comestibles
 c - 9 rations
 g - 7 chunks of flesh


   Skills:
 + Level 3.4 Dodging
 + Level 3.5 Stealth
 + Level 4.5 Spellcasting
 + Level 5.2 Conjurations
 * Level 2.3 Charms
 + Level 1.1 Necromancy


You had 4 spell levels left.
You knew the following spells:

 Your Spells              Type           Power        Failure   Level  Hunger
a - Magic Dart            Conj           ####         2%          1    None
b - Searing Ray           Conj           ####..       3%          2    #......
r - Regeneration          Chrm/Necr      ##........   28%         3    ##.....
v - Vampiric Draining     Necr           #.........   34%         3    ##.....

Your spell library contained the following spells:

 Spells                   Type           Power        Failure   Level  Hunger
 Animate Skeleton         Necr           N/A          12%         1    None
 Pain                     Necr           #...         12%         1    None
 Dazzling Spray           Conj/Hex       ###...       19%         3    ##.....
 Iskenderun's Mystic Bla  Conj           ####....     22%         4    ####...
 Force Lance              Conj/Tloc      ###.....     54%         4    ####...
 Fulminant Prism          Conj/Hex       ###.......   54%         4    ####...
 Animate Dead             Necr           N/A          75%         4    ####...


Dungeon Overview and Level Annotations

Branches:
Dungeon (5/15)
 Temple: D:4-7

Altars:
Ashenzari
Qazlal
Wu Jian

Annotations:
D:1 exclusion: downstairs
D:2 1 exclusion
D:3 Ijyb
D:4 Sigmund


Message History

Aiming: Magic Dart (safe; 2% risk of failure)
Press: ? - help, Shift-Dir - straight line, f/p - howler monkey zombie
Aim: a howler monkey zombie (severely damaged)
The magic dart hits the howler monkey zombie!
You destroy the howler monkey zombie!
A centaur comes into view.
The centaur wields a +0 shortbow.
The centaur shoots an arrow.
The arrow misses you.
The centaur shoots an arrow.
The arrow hits you.
You see here an arrow.
The centaur shoots an arrow.
The arrow barely misses you.
The centaur shoots an arrow.
The arrow hits you!
Ouch! That really hurt!
* * * LOW HITPOINT WARNING * * *
You see here an arrow.
The centaur shoots an arrow.
The arrow hits you but does no damage.
There is an open door here.
You see here an arrow.
The centaur shoots an arrow.
The arrow hits you!
You die...

........
......# ##
..... ....
... ...#
#'###...#
#<......#
#.......#
#.......#
#@......#
###(##...#
#.(..#..)#
#..(.# .##
..######....#
#
..........(.#
..........c.#
##..........#
#......(...#


You could see a centaur.

Vanquished Creatures
  A hound skeleton (D:4)
  A howler monkey zombie (D:5)
  6 adders
  3 oozes
  An adder skeleton (D:4)
  2 worms
  3 dart slugs
  2 leopard geckos
  6 orcs (D:3)
  3 giant cockroaches
  8 goblins
  5 hobgoblins
  4 jackals (D:3)
  A quokka (D:2)
  A ball python (D:3)
  3 bats
  8 frilled lizards
  4 kobolds
  A quokka skeleton (D:4)
  7 rats
70 creatures vanquished.

Notes
Turn   | Place    | Note
-------+----------+-------------------------------------------
     0 | D:1      | Mithandil the Deep Elf Conjurer began the quest for the
                  | Orb.
     0 | D:1      | Reached XP level 1. HP: 10/10 MP: 6/6
   119 | D:1      | Reached XP level 2. HP: 12/15 MP: 2/8
   123 | D:1      | Learned a level 2 spell: Searing Ray
  1011 | D:2      | Reached XP level 3. HP: 19/19 MP: 6/10
  1047 | D:2      | Noticed a scorpion
  1344 | D:2      | Found an ornate altar of the Wu Jian Council.
  1498 | D:2      | Found a shattered altar of Ashenzari.
  1516 | D:2      | Reached skill level 5 in Conjurations
  1739 | D:2      | Reached XP level 4. HP: 24/24 MP: 1/12
  2070 | D:3      | Learned a level 3 spell: Regeneration
  2074 | D:3      | Learned a level 3 spell: Vampiric Draining
  2136 | D:3      | Noticed Ijyb
  2167 | D:3      | Reached skill level 1 in Charms
  2520 | D:5      | Entered Level 5 of the Dungeon
  2641 | D:4      | Found a stormy altar of Qazlal.
  2757 | D:4      | Noticed Sigmund
  2868 | D:3      | Reached XP level 5. HP: 28/28 MP: 8/13
  3105 | D:3      | Reached skill level 1 in Necromancy
  3256 | D:5      | Noticed a centaur
  3264 | D:5      | Shot with an arrow by a centaur

Levels and vault maps discovered:
D:1:      dpeg_arrival_lava_altar, layout_loops_cross
D:2:      layout_basic, ashenzari_conservatory_becter, lemuel_crystal_altar,
          chequers_serial_rivers_marsh, minmay_domino_2
D:3:      layout_basic, minmay_quadrilaterals, uniq_ijyb
D:4:      layout_basic, nicolae_qazlal_eye_of_the_storm, uniq_sigmund
D:5:      layout_gridville, bloody_makhleb, zin_purify, first_ration

Skill      XL: |  1  2  3  4  5 |
---------------+----------------+-----
Stealth        | 3 |  3.5
Spellcasting   | 4 |  4.5
Dodging        | 3 |  3.4
Conjurations   | 5 |  5.2
Charms         | 1 2 |  2.3
Necromancy     | 1 |  1.1

Action                   |  1- 3 |  4- 6 || total
-------------------------+-------+-------++-------
 Cast: Magic Dart        |    72 |    95 ||   167
  Use: Scroll            |       |     4 ||     4
  Eat: Chunk             |     2 |     5 ||     7
Armor: Robe              |     2 |       ||     2
       Leather armour    |     1 |     7 ||     8
Dodge: Dodged            |     5 |    22 ||    27

Table legend:
 A = Non-vault XP
 B = Vault XP
 C = Vault XP percentage of total XP
 D = Non-vault monster count
 E = Vault monster count
 F = Vault count percentage of total count
                 A         B        C        D         E       F
            +---------+---------+-------+---------+---------+-------
      Total |     220 |      31 |  12.4 |      62 |       8 |  11.4
            +---------+---------+-------+---------+---------+-------
        D:1 |      32 |       0 |   0.0 |      12 |       0 |   0.0
        D:2 |      59 |       7 |  10.6 |      20 |       1 |   4.8
        D:3 |      88 |      24 |  21.4 |      24 |       7 |  22.6
        D:4 |      26 |       0 |   0.0 |       5 |       0 |   0.0
        D:5 |      15 |       0 |   0.0 |       1 |       0 |   0.0
            +---------+---------+-------+---------+---------+-------
